 Dungeon Crawl Stone Soup version 0.20.1-1-g8b1a95d (webtiles) character file.

77 pstr the Conjurer (level 4, -3/24 HPs)
             Began as a Kobold Conjurer on Nov 18, 2017.
             Slain by Sigmund
             ... wielding a +0 scythe
              (9 damage)
             ... on level 2 of the Dungeon.
             The game lasted 00:08:14 (2933 turns).

pstr the Conjurer (Kobold Conjurer)                 Turns: 2933, Time: 00:08:15

Health: -3/24      AC:  9    Str:  5    XL:     4   Next: 58%
Magic:  8/8        EV: 12    Int: 17    God:
Gold:   121        SH:  0    Dex: 15    Spells: 5/8 levels left

rFire    . . .     SeeInvis .   j - +0 spear
rCold    . . .     Gourm    .   (shield restricted)
rNeg     . . .     Faith    .   f - +0 ring mail
rPois    .         Spirit   .   l - +0 helmet
rElec    .         Reflect  .   m - +2 cloak
rCorr    .         Harm     .   (no gloves)
MR       .....                  (no boots)
Stlth    ..........             (no amulet)
Regen    0.1/turn               (no ring)
MPRegen  0.2/turn               (no ring)

@: confused
A: carnivore 3
a: no special abilities


You were on level 2 of the Dungeon.
You were full.

You visited 1 branch of the dungeon, and saw 2 of its levels.

You collected 121 gold pieces.

Inventory:

Hand Weapons
 j - a +0 spear (weapon)
Missiles
 d - 70 stones (quivered)
 k - 10 arrows
Armour
 a - a +0 robe
 f - a +0 ring mail (worn)
 i - a +0 leather armour
 l - a +0 helmet (worn)
 m - a +2 cloak (worn)
Scrolls
 h - 4 scrolls of identify {unknown}
Books
 b - a book of Conjurations

   Spells                             Type                      Level
   a - Magic Dart                     Conjuration                  1
   b - Searing Ray                    Conjuration                  2
   c - Dazzling Spray                 Conjuration/Hexes            3
   d - Fulminant Prism                Conjuration/Hexes            4
   e - Force Lance                    Conjuration/Translocation    4
   f - Iskenderun's Mystic Blast      Conjuration                  4
Comestibles
 c - a meat ration
 g - a royal jelly


   Skills:
 + Level 2.4 Dodging
 + Level 3.4 Stealth
 + Level 2.9 Spellcasting
 + Level 5.0 Conjurations


You had 5 spell levels left.
You knew the following spells:

 Your Spells              Type           Power        Failure   Level  Hunger
a - Magic Dart            Conj           ###.         11%         1    None
b - Searing Ray           Conj           ###...       16%         2    ##.....


Dungeon Overview and Level Annotations

Branches:
Dungeon (2/15)

Altars:

Annotations:
D:2 Sigmund


Innate Abilities, Weirdness & Mutations

You are small and have problems with some larger weapons.
You are carnivorous and can eat meat at any time.


Message History

Something hits you but does no damage.
Casting: Searing Ray
Confirm with . or Enter, or press ? or * to list all spells.
Aiming: Searing Ray
Press: ? - help, Shift-Dir - straight line The searing ray hits something. (Press . to maintain the ray.)
The searing ray hits something.
Something hits you!
The searing ray hits something.
You hear some strange, mumbled words.
You are confused.
You hear some strange, mumbled words.
A magic dart appears from out of thin air!
The magic dart hits you!
* * * LOW HITPOINT WARNING * * *
It was a potion of magic.
Magic courses through your body. Something hits you.
* * * LOW HITPOINT WARNING * * *
You bump into the rock wall.
You're too confused to move!
Something hits you!
You die...

#)#.##.....#
#########.#.##.#.#.#
######...........##.....#
#................##..##.#
#.#.#.#..........#.g.K..#
#................#.######
#.#.#.#...................
###.......######'###.#######
....#.#.#.......@.......
รท.........######.###.###
........### #.# #.#
.......## #.# #.# ......##
#.# #.# ......#### ... .#
.........# ... ####.....#
... #.....# ##.#.


There were no monsters in sight!

Vanquished Creatures
  4 adders (D:2)
  2 dart slugs (D:1)
  A leopard gecko (D:1)
  2 giant cockroaches (D:1)
  3 hobgoblins
  6 jackals
  A quokka (D:2)
  5 bats
  3 frilled lizards (D:1)
  3 goblins (D:1)
  3 kobolds
  5 rats (D:1)
38 creatures vanquished.

Notes
Turn   | Place    | Note
-------+----------+-------------------------------------------
     0 | D:1      | pstr the Kobold Conjurer began the quest for the Orb.
     0 | D:1      | Reached XP level 1. HP: 10/10 MP: 3/3
   385 | D:1      | Reached XP level 2. HP: 15/15 MP: 3/5
   389 | D:1      | Learned a level 2 spell: Searing Ray
   896 | D:1      | Reached XP level 3. HP: 19/19 MP: 3/6
  1455 | D:2      | Reached XP level 4. HP: 24/24 MP: 0/8
  1728 | D:2      | Reached skill level 5 in Conjurations
  1832 | D:2      | Noticed Sigmund
  2933 | D:2      | Slain by Sigmund

Skill      XL: |  1  2  3  4 |
---------------+-------------+-----
Stealth        | 3 |  3.4
Conjurations   | 5 |  5.0
Dodging        | |  2.4
Spellcasting   | |  2.9

Action                   |  1- 3 |  4- 6 || total
-------------------------+-------+-------++-------
Melee: Unarmed           |       |     1 ||     1
 Cast: Magic Dart        |    58 |    18 ||    76
       Searing Ray       |     1 |     9 ||    10
  Use: Potion            |       |     2 ||     2
  Eat: Chunk             |    10 |     2 ||    12
Armor: Robe              |     1 |    14 ||    15
       Ring mail         |       |     3 ||     3
Dodge: Dodged            |     4 |    70 ||    74
